 Dungeon Crawl Stone Soup version 0.23-a0-577-g2b1de94 (webtiles) character file.

25067 Lavandula the Slicer (level 13, -22/84 HPs)
             Began as a Halfling Enchanter on Dec 14, 2018.
             Was an Initiate of Gozag.
             Annihilated by an ettin
             ... wielding a +0 dire flail
              (32 damage)
             ... on level 12 of the Dungeon.
             The game lasted 01:15:47 (13127 turns).

Lavandula the Slicer (Halfling Enchanter)          Turns: 13127, Time: 01:15:48

Health: -22/84     AC: 13    Str: 14    XL:     13   Next: 47%
Magic:  2/23       EV: 23    Int: 17    God:    Gozag
Gold:   475        SH:  7    Dex: 16    Spells: 10/25 levels left

rFire    . . .     SeeInvis +   M - +9 long sword "Jovevuv" {slice, rPois MR+ Str+5}
rCold    . . .     Gourm    .   x - +0 buckler
rNeg     . . .     Faith    .   c - +0 robe
rPois    +         Spirit   .   (no helmet)
rElec    .         Reflect  .   q - +2 cloak
rCorr    .         Harm     .   (no gloves)
MR       +....                  U - +1 pair of boots {run}
Stlth    ++++......             (no amulet)
HPRegen  0.24/turn              f - +4 ring of protection
MPRegen  0.18/turn              E - +2 ring of protection

@: gold aura, very slightly contaminated, quick
A: small, see invisible, mutation resistance 1
a: Potion Petition, Call Merchant, Bribe Branch, Renounce Religion


You were on level 12 of the Dungeon.
You worshipped Gozag.
Gozag was aware of your devotion.
You were not hungry.

You visited 3 branches of the dungeon, and saw 17 of its levels.
You also visited: Bailey.

You collected 2411 gold pieces.
You spent 1683 gold pieces at shops.
You paid 253 gold pieces to Gozag.

Inventory:

Hand Weapons
 i - a +0 dagger of venom
 t - a +3 blowgun
 w - a +2 dagger of draining
 A - a +2 dagger of flaming
 M - the +9 long sword "Jovevuv" (weapon) {slice, rPois MR+ Str+5}
   (You bought it in a shop on level 4 of the Dungeon)

   It inflicts extra damage upon your enemies.
   It affects your strength (+5).
   It protects you from poison.
   It affects your resistance to hostile enchantments.
Missiles
 v - 7 curare-tipped needles
 y - 8 needles of confusion
Armour
 c - a +0 robe (worn)
 l - the +4 chain mail of Luror {rElec Str+4 Dex+2, unknown}
   (You found it on level 9 of the Dungeon)

   It affects your strength (+4).
   It affects your dexterity (+2).
   It insulates you from electricity.
 o - a +2 shield of cold resistance
 q - a +2 cloak (worn)
 x - a +0 buckler (worn)
 U - a +1 pair of boots of running (worn)
Jewellery
 e - an uncursed ring of resist corrosion
 f - a +4 ring of protection (left hand)
 n - an uncursed ring of protection from magic
 p - an uncursed ring of stealth
 u - an uncursed ring of protection from fire
 E - a +2 ring of protection (right hand)
Wands
 k - a wand of disintegration (8)
 B - a wand of iceblast (10)
 Q - a wand of flame (24)
 S - a wand of random effects (14)
 T - a wand of acid (2)
Scrolls
 a - 8 scrolls of teleportation
 h - 2 scrolls of enchant weapon
 j - 4 scrolls of remove curse
 m - 3 scrolls of immolation
 r - a scroll of amnesia
 C - a scroll of blinking
 K - 2 scrolls of noise {unknown}
 P - a scroll of vulnerability {unknown}
 R - a scroll of fear {unknown}
Potions
 b - 8 potions of curing
 g - a potion of resistance
 s - 2 potions of mutation
 z - a potion of might
 F - a potion of brilliance
 G - a potion of cancellation
 H - a potion of agility
 L - a potion of invisibility
 N - a potion of flight {unknown}
 O - a potion of ambrosia {unknown}
Miscellaneous
 I - a sack of spiders
Comestibles
 d - 13 rations


   Skills:
 - Level 6.5 Fighting
 - Level 10.8(13.0) Short Blades
 + Level 10.4(11.8) Long Blades
 - Level 10.2 Dodging
 - Level 7.3 Stealth
 - Level 6.4 Shields
 - Level 6.8 Spellcasting
 - Level 4.5 Hexes


You had 10 spell levels left.
You knew the following spells:

 Your Spells              Type           Power        Failure   Level  Hunger
a - Corona                Hex            ###....      1%          1    None
b - Ensorcelled Hibernat  Hex/Ice        ##....       7%          2    None
c - Dazzling Spray        Conj/Hex       ##....       14%         3    ##.....
d - Confuse               Hex            ###.....     5%          3    ##.....
e - Tukima's Dance        Hex            ###.....     5%          3    ##.....
f - Mephitic Cloud        Conj/Pois/Air  #.......     34%         3    ##.....

Your spell library contained the following spells:

 Spells                   Type           Power        Failure   Level  Hunger
 Slow                     Hex            ###.....     2%          2    None
 Beastly Appendage        Tmut           #.....       12%         1    None
 Magic Dart               Conj           #...         12%         1    None
 Blink                    Tloc           N/A          19%         2    None
 Call Imp                 Summ           #.......     19%         2    None
 Sticks to Snakes         Tmut           #.......     19%         2    None
 Conjure Flame            Conj/Fire      #.......     34%         3    ##.....
 Spider Form              Tmut/Pois      #.........   34%         3    ##.....
 Ice Form                 Ice/Tmut       #.......     75%         4    ####...
 Blade Hands              Tmut           #.........   97%         5    #####..


Dungeon Overview and Level Annotations

Branches:
Dungeon (15/15)            Temple (1/1) D:7            Lair (0/6) D:9
    Orc (1/2) D:12         Vaults (0/5) D:14
 Depths: D:15

Altars:
Ashenzari
Cheibriados
Dithmenos
Elyvilon
Fedhas
Gozag
Hepliaklqana
Kikubaaqudgha
Makhleb
Nemelex Xobeh
Okawaru
Sif Muna
Trog
Uskayaw
Vehumet
Wu Jian
Xom
Zin

Shops:
D:4 (=((?

Annotations:
D:3 Grinder
D:5 3 runed doors, Lavandula's ghost, amateur HaEn
D:10 1 runed door, Duffy's ghost, journeyman NaFi


Innate Abilities, Weirdness & Mutations

You are small and have problems with some larger weapons.
You are somewhat resistant to further mutation.
You have supernaturally acute eyesight. (SInv)


Message History

You hit the ettin.
The ettin is severely wounded.
You block the centaur warrior's attack.
Unknown command.
You catch the helpless ettin completely off-guard!
You slash the ettin!
The ettin is almost dead.
The ettin seems less confused.
The centaur warrior completely misses you.
The ettin hits you with a +0 dire flail!!
* * * LOW HITPOINT WARNING * * *
The ettin closely misses you.
You feel much better.
The centaur warrior hits you with a cursed -1 morningstar!
* * * LOW HITPOINT WARNING * * *
The ettin hits you with a +0 dire flail!
* * * LOW HITPOINT WARNING * * *
The ettin hits you with a +0 dire flail!!
You die...
Your body crumbles into a pile of gold.

#..#####........#..#...._!
#..#...#........#..###....
#..#...'........'.........
####..#...#......C..######...
#.....#...#).Z........[......
#.....#####...#######'#######
#.............# #.# #
#.......#####c# #####.##### #
#.......#...@.# #...'.'...# #
#.......#...C.# #.###.###.# #
#.......#.....# #.# #.# #.# #
#.......####..###'###.###'###
#.............'..)).........C
#...########..###+###.###'###
#...# #..# #)# #.# #.# #
.....# #..# #.###.# #.# #
#.....# #..# #...'.+ ..# #


You could see an ettin, a centaur warrior and a centaur warrior skeleton.

Vanquished Creatures
  Frances (D:13)
  Josephine (D:10)
  A hydra (D:12)
  4 two-headed ogres
  Sonja (D:10)
  An unseen horror (D:10)
  5 orc knights (Bailey)
  Pikel (D:4)
  A deep elf archer (D:12)
  An ugly thing (D:13)
  An orc sorcerer (Orc:1)
  A manticore (D:13)
  Joseph (D:7)
  Psyche (D:12)
  A komodo dragon (D:13)
  5 trolls
  3 meliai
  A hornet (D:9)
  A vampire (D:12)
  A spriggan (D:9)
  3 wraiths (D:10)
  9 yaks
  Menkaure (D:4)
  A warg (Orc:1)
  An acid dragon (D:11)
  A water moccasin (D:8)
  2 sky beasts
  13 orc warriors
  2 ice beasts
  A black bear (D:10)
  3 phantoms
  6 ogres
  An eye of draining (D:11)
  A necrophage (D:5)
  A crocodile (D:11)
  7 centaurs
  Blork the orc (D:4)
  8 bullfrogs
  15 big kobolds
  A wyvern zombie (D:12)
  7 scorpions
  5 killer bees (D:9)
  6 howler monkeys
  6 crimson imps
  2 centaur zombies
  3 bullfrog zombies
  2 quasits
  2 jellies
  2 bullfrog skeletons
  11 hounds
  9 orc priests
  23 orc wizards
  4 iguanas
  3 centaur skeletons
  Natasha (thrice) (D:4)
  7 worker ants
  2 killer bee zombies
  A hound skeleton (D:5)
  11 gnolls
  12 adders
  4 shadow imps
  2 adder skeletons
  A worm (D:2)
  3 dart slugs
  2 leopard geckos
  72 orcs
  4 bats (D:2)
  7 giant cockroaches
  9 goblins
  A hobgoblin (D:1)
  14 jackals
  7 quokkas
  A ball python (D:1)
  4 frilled lizards
  24 kobolds
  A quokka zombie (D:9)
  5 rats
393 creatures vanquished.

Vanquished Creatures (collateral kills)
  An orc warrior (Bailey)
  An orc (Bailey)
2 creatures vanquished.

Vanquished Creatures (others)
  A dancing weapon (D:12)
  A slave (D:4)
  A centaur (D:12)
  An orc wizard (D:4)
  2 orcs
6 creatures vanquished.

Grand Total: 401 creatures vanquished

Notes
Turn   | Place    | Note
-------+----------+-------------------------------------------
     0 | D:1      | Lavandula the Halfling Enchanter began the quest for the
                  | Orb.
     0 | D:1      | Reached XP level 1. HP: 11/11 MP: 3/3
   187 | D:1      | Reached XP level 2. HP: 16/17 MP: 1/4
   251 | D:2      | Learned a level 2 spell: Ensorcelled Hibernation
   449 | D:3      | Reached XP level 3. HP: 18/21 MP: 0/5
   635 | D:2      | Reached XP level 4. HP: 20/27 MP: 0/6
  1130 | D:2      | Reached skill level 5 in Short Blades
  1212 | D:2      | Reached XP level 5. HP: 31/31 MP: 0/7
  1807 | D:3      | Noticed Grinder
  1821 | D:3      | Paralysed by Grinder for 2 turns
  1828 | D:4      | Found Virgh's Weapon Shoppe.
  1835 | D:4      | Found Metta's Magic Scroll Shoppe.
  1846 | D:4      | Bought a scroll of identify for 22 gold pieces
  1846 | D:4      | Bought a scroll of immolation for 38 gold pieces
  1863 | D:4      | Found Ani Hual's Weapon Shoppe.
  1989 | D:5      | Entered Level 5 of the Dungeon
  1989 | D:5      | Noticed a centaur
  1992 | D:5      | Killed a centaur
  1992 | D:5      | Reached XP level 6. HP: 13/36 MP: 4/8
  1999 | D:5      | Learned a level 3 spell: Dazzling Spray
  2134 | D:5      | Found a glowing silver altar of Zin.
  2137 | D:5      | Noticed an angel
  2175 | D:5      | Found a shimmering altar of Xom.
  2335 | D:5      | Noticed a necrophage
  2352 | D:4      | Noticed a slave
  2353 | D:4      | Noticed Pikel
  2353 | D:4      | Noticed a slave
  2353 | D:4      | Noticed a slave
  2353 | D:4      | Noticed a slave
  2358 | D:4      | Noticed Blork the orc
  2492 | D:4      | Reached XP level 7. HP: 32/41 MP: 1/9
  2497 | D:4      | Learned a level 3 spell: Confuse
  2843 | D:4      | Noticed Natasha
  2845 | D:4      | Killed Natasha
  2996 | D:4      | Gained mutation: You have supernaturally acute eyesight.
                  | (SInv) [potion of mutation]
  2999 | D:4      | Killed Pikel
  2999 | D:4      | Reached skill level 10 in Short Blades
  2999 | D:4      | Reached XP level 8. HP: 11/46 MP: 2/10
  3102 | D:4      | Found Nuofupp's Weapon Shop.
  3289 | D:4      | Found a bloodstained altar of Trog.
  3302 | D:4      | Noticed Natasha
  3316 | D:4      | Killed Natasha
  3391 | D:4      | Noticed Natasha
  3402 | D:4      | Killed Natasha
  3420 | D:4      | Noticed Menkaure
  3743 | D:4      | Found Hihotwec's Jewellery Shop.
  3752 | D:4      | Killed Blork the orc
  3752 | D:4      | Reached skill level 5 in Dodging
  3962 | D:4      | Killed Menkaure
  3962 | D:4      | Reached XP level 9. HP: 45/51 MP: 2/11
  4301 | D:5      | Found a runed gate.
  4301 | D:5      | Found a runed gate.
  4301 | D:5      | Found a runed gate.
  4301 | D:5      | Noticed Lavandula's ghost (amateur HaEn)
  4451 | D:5      | Reached skill level 1 in Fighting
  5144 | D:7      | Reached skill level 1 in Shields
  5283 | D:8      | Noticed a two-headed ogre
  5391 | D:8      | Killed a two-headed ogre
  5391 | D:8      | Reached XP level 10. HP: 37/63 MP: 5/12
  5425 | D:8      | Found a flagged portal.
  5453 | D:8      | Learned a level 3 spell: Tukima's Dance
  5454 | Bailey   | Entered a bailey
  6273 | Bailey   | Noticed an orc knight
  6297 | Bailey   | Noticed an orc knight
  6331 | Bailey   | Killed an orc knight
  6359 | Bailey   | Noticed an orc knight
  6409 | Bailey   | Killed an orc knight
  6605 | Bailey   | Killed an orc knight
  6647 | Bailey   | Noticed an orc knight
  6649 | Bailey   | Noticed an orc knight
  6777 | Bailey   | Killed an orc knight
  7157 | Bailey   | Killed an orc knight
  7157 | Bailey   | Reached skill level 10 in Dodging
  7157 | Bailey   | Reached XP level 11. HP: 38/70 MP: 0/13
  7356 | D:9      | Found an iron altar of Okawaru.
  7445 | D:9      | Reached skill level 5 in Stealth
  7640 | D:9      | Got a faintly glowing chain mail
  7703 | D:9      | Found a staircase to the Lair.
  7709 | D:10     | Entered Level 10 of the Dungeon
  7709 | D:10     | Noticed Sonja
  7713 | D:10     | Killed Sonja
  7867 | D:9      | Reached skill level 5 in Fighting
  8036 | D:7      | Found a staircase to the Ecumenical Temple.
  8043 | D:7      | Found an opulent altar of Gozag.
  8054 | Temple   | Entered the Ecumenical Temple
  8124 | D:7      | Became a worshipper of Gozag Ym Sagoz the Greedy
  8273 | D:7      | Found a burning altar of Makhleb.
  8333 | D:7      | Found a hide-covered altar of Uskayaw.
  8388 | D:7      | Noticed Joseph
  8404 | D:7      | Killed Joseph
  9016 | D:10     | Learned a level 3 spell: Mephitic Cloud
  9039 | D:11     | Noticed a two-headed ogre
  9209 | D:10     | Found a runed door.
  9215 | D:10     | Found a shimmering altar of Xom.
  9215 | D:10     | Noticed a +2 quarterstaff of chaos
  9215 | D:10     | Noticed Duffy's ghost (journeyman NaFi)
  9245 | D:10     | Reached XP level 12. HP: 53/80 MP: 11/18
  9368 | D:10     | Noticed Josephine
  9376 | D:10     | Killed Josephine
  9376 | D:10     | Reached skill level 5 in Spellcasting
  9581 | D:11     | Killed a two-headed ogre
  9603 | D:11     | Noticed a two-headed ogre
  9620 | D:10     | Noticed an unseen horror
  9626 | D:10     | Killed an unseen horror
  9680 | D:10     | You fall through a shaft!
  9969 | D:11     | Found an ancient bone altar of Kikubaaqudgha.
 10233 | D:6      | Found an ancient bone altar of Kikubaaqudgha.
 10378 | D:4      | Bought the +9 long sword "Jovevuv" {slice, rPois MR+ Str+5}
                  | for 1007 gold pieces
 10441 | D:4      | Bought a scroll of identify for 22 gold pieces
 10441 | D:4      | Bought a scroll of identify for 22 gold pieces
 10561 | D:9      | Reached skill level 1 in Long Blades
 11012 | D:12     | Found an iron altar of Okawaru.
 11084 | D:12     | Noticed a centaur warrior
 11095 | D:12     | Noticed a centaur warrior
 11107 | D:12     | Found a sparkling altar of Nemelex Xobeh.
 11267 | D:14     | Noticed a two-headed ogre
 11268 | D:14     | Found a gate to the Vaults.
 11268 | D:14     | Noticed a two-headed ogre
 11273 | D:14     | Noticed an ogre mage
 11320 | D:13     | Killed a two-headed ogre
 11320 | D:13     | Reached skill level 5 in Long Blades
 11635 | D:15     | Entered Level 15 of the Dungeon
 11657 | D:13     | Noticed Frances
 11684 | D:13     | Killed Frances
 11684 | D:13     | Reached XP level 13. HP: 42/84 MP: 6/23
 11972 | D:12     | Noticed Psyche
 11991 | D:12     | Killed Psyche
 12013 | D:12     | Noticed an eight-headed hydra
 12026 | D:12     | Killed an eight-headed hydra
 12126 | D:12     | Found a staircase to the Orcish Mines.
 12147 | Orc:1    | Entered Level 1 of the Orcish Mines
 12198 | Orc:1    | HP: 1/84 [soul eater/drain life[an orc sorcerer] (21)]
 12320 | D:12     | Identified the +0 chain mail of Lethargy {rPois rC+++ Str+4
                  | Dex-2}
 12586 | D:8      | Found a shattered altar of Ashenzari.
 12689 | D:6      | Reached skill level 10 in Long Blades
 12756 | D:4      | Bought a scroll of acquirement for 572 gold pieces
 12763 | D:4      | Identified a +1 pair of boots of running (You acquired it
                  | on level 4 of the Dungeon)
 13035 | Orc:1    | Noticed an ettin
 13127 | D:12     | Annihilated by an ettin

Vault maps used:
D:1:      mrwooster_arrival_statue_2
D:2:      first_ration, uniq_sigmund
D:3:      lemuel_doored_altar, uniq_grinder
D:4:      lemuel_round_altar, serial_shops, shop, nicolae_shop_behind_doors,
          nicolae_shop_statue_plus, shop, shop,
          minmay_fractal_squares_gapless_5, uniq_blork_the_orc, uniq_pikel,
          uniq_natasha, uniq_menkaure
D:5:      grunt_temple_overflow_order_and_chaos_1, ebering_ghost_rock_garden
D:6:      kennysheep_mini_moat, gammafunk_temple_overflow_wave,
          hangedman_abyss_or_decor_stagger
D:7:      kennysheep_little_box, makhleb_heckhound_becter,
          overflow_temple_1_default, eat_drink_and_be_merry_uskayaw,
          minmay_temple_entry_trees, serial_glass, glass_columns_c,
          glass_columns_a, feat_on_display, uniq_joseph
D:8:      nicolae_overflow_crystal_walls, enter_bailey_3, special_room,
          lightli_orcish_oven
D:9:      lemuel_coloured_pillars_altar, lair_entry_dummy, grunt_pizzeria
D:10:     ebering_ghost_xom, uniq_josephine, uniq_sonja
D:11:     basic_altar
D:12:     evilmike_iron_armoury, orc_0_dummy, basic_altar, minmay_door_square,
          uniq_psyche
D:13:     uniq_frances
D:14:     david_vaults_2, nemelex_diamond_rough_becter
D:15:     grunt_enter_depths_snipers, basic_altar, chequers_avenue
Temple:   compressed_dpeg_triangle_lava_temple
Orc:1:    lemuel_statue_altar
Bailey:   bailey_polearm_5, bailey

Skill      XL: |  1  2  3  4  5  6  7  8  9 10 11 12 13 |
---------------+----------------------------------------+-----
Short Blades   | 2 4 5 6 8 10 | 10.8
Dodging        | 5 10 | 10.2
Hexes          | 4 |  4.5
Fighting       | 4 6 |  6.5
Shields        | 6 |  6.4
Stealth        | 7 |  7.3
Spellcasting   | 4 6 |  6.8
Long Blades    | 7 10 | 10.4

Action                   |  1- 3 |  4- 6 |  7- 9 | 10-12 | 13-15 || total
-------------------------+-------+-------+-------+-------+-------++-------
Melee: Dagger            |    62 |   109 |   373 |   920 |    12 ||  1476
       Long sword        |       |       |       |   104 |   119 ||   223
 Fire: Blowgun           |       |       |       |     4 |       ||     4
 Cast: Corona            |     5 |     3 |       |     1 |       ||     9
       Ensorcelled Hiber |     6 |    21 |    20 |    51 |    11 ||   109
       Dazzling Spray    |       |     2 |    13 |    58 |    19 ||    92
       Confuse           |       |       |    11 |     7 |     1 ||    19
       Tukima's Dance    |       |       |       |    11 |     1 ||    12
       Mephitic Cloud    |       |       |       |     6 |     8 ||    14
Evoke: Sack of spiders   |       |       |       |     1 |       ||     1
       Wand              |       |       |       |       |     3 ||     3
  Use: Scroll            |       |     4 |     6 |    10 |     5 ||    25
       Potion            |       |     2 |     2 |     6 |     3 ||    13
 Stab: Sleeping          |     6 |    15 |    13 |    29 |     4 ||    67
       Invisible         |       |       |     6 |    26 |     5 ||    37
       Confused          |       |       |     6 |    17 |     2 ||    25
       Distracted        |       |       |       |     4 |     1 ||     5
  Eat: Chunk             |       |     5 |    13 |    14 |       ||    32
       Ration            |       |     1 |     1 |     6 |     2 ||    10
Armor: Robe              |    15 |     6 |    43 |    70 |    21 ||   155
       Skin              |       |     8 |       |       |       ||     8
Dodge: Dodged            |    53 |    64 |   195 |   664 |   120 ||  1096
Block: Buckler           |       |       |     4 |   259 |    53 ||   316
       Rpst.: Long sword |       |       |       |    35 |    26 ||    61

Table legend:
 A = Non-vault XP
 B = Vault XP
 C = Vault XP percentage of total XP
 D = Non-vault monster count
 E = Vault monster count
 F = Vault count percentage of total count
                 A         B        C        D         E       F
            +---------+---------+-------+---------+---------+-------
      Total |   21814 |   13997 |  39.1 |     306 |      90 |  22.7
            +---------+---------+-------+---------+---------+-------
        D:1 |      29 |       0 |   0.0 |      11 |       0 |   0.0
        D:2 |      98 |       0 |   0.0 |      20 |       0 |   0.0
        D:3 |      74 |       0 |   0.0 |      11 |       0 |   0.0
        D:4 |     579 |    1123 |  66.0 |      18 |       8 |  30.8
        D:5 |     864 |       0 |   0.0 |      26 |       0 |   0.0
        D:6 |     978 |       0 |   0.0 |      33 |       0 |   0.0
        D:7 |     703 |     492 |  41.2 |      20 |       2 |   9.1
        D:8 |    1744 |    1304 |  42.8 |      21 |      28 |  57.1
        D:9 |    2935 |     220 |   7.0 |      42 |       1 |   2.3
       D:10 |    2847 |    2496 |  46.7 |      32 |       5 |  13.5
       D:11 |    3262 |       0 |   0.0 |      25 |       0 |   0.0
       D:12 |    2908 |    1354 |  31.8 |      25 |       4 |  13.8
       D:13 |    3129 |    3085 |  49.6 |      11 |       2 |  15.4
       D:14 |     601 |       0 |   0.0 |       2 |       0 |   0.0
     Temple |     118 |       0 |   0.0 |       1 |       0 |   0.0
      Orc:1 |     945 |       0 |   0.0 |       8 |       0 |   0.0
     Bailey |       0 |    3923 | 100.0 |       0 |      40 | 100.0
            +---------+---------+-------+---------+---------+-------
